 Dungeon Crawl Stone Soup version 0.27-a0-1332-g84bddb5ca7 (webtiles) character file.

Game seed: 3408579425904498300

21 benadryl the Sneak (level 3, 0/26 HPs)
             Began as a Formicid Enchanter on June 25, 2021.
             Slain by a ball python (3 damage)
             ... on level 2 of the Dungeon.
             The game lasted 00:01:36 (1694 turns).

benadryl the Sneak (Formicid Enchanter)             Turns: 1694, Time: 00:01:37

Health: 0/26       AC:  2    Str: 12    XL:     3   Next: 2%
Magic:  5/6        EV:  9    Int: 15    God:
Gold:   77         SH:  0    Dex: 11    Spells: 5/6 levels left

rFire    . . .     SeeInvis +   a - +1 dagger
rCold    . . .     Faith    .   (no shield)
rNeg     . . .     Spirit   .   b - +0 robe
rPois    .         Reflect  .   (helmet unavailable)
rElec    .         Harm     .   (no cloak)
rCorr    .         Rampage  .   (no gloves)
Will     .....                  (no boots)
Stlth    ++........             (no amulet)
HPRegen  0.08/turn              (no ring)
MPRegen  0.10/turn              (no ring)

@: constricted
A: permanent stasis, dig shafts and tunnels, antennae 3, four strong arms
a: Dig, Shaft Self


You were on level 2 of the Dungeon.
You visited 1 branch of the dungeon, and saw 3 of its levels.

You collected 77 gold pieces.

Inventory:

Hand Weapons
 a - a +1 dagger (weapon)
Armour
 b - a +0 robe (worn)
Scrolls
 d - a scroll of enchant armour {unknown}
 f - a scroll of teleportation {unknown}
 g - a scroll of silence {unknown}
Potions
 c - a potion of curing {unknown}
 e - a potion of haste {unknown}


   Skills:
 + Level 1.0 Fighting
 - Level 1.0 Short Blades
 - Level 1.7 Dodging
 * Level 4.4 Stealth
 - Level 2.1 Spellcasting
 + Level 3.9 Hexes


You had 5 spell levels left.
You knew the following spells:

 Your Spells              Type           Power      Damage    Failure   Level
a - Corona                Hex            14%        N/A       4%          1

Your spell library contained the following spells:

 Spells                   Type           Power      Damage    Failure   Level
 Confusing Touch          Hex            13%        N/A       13%         3
 Tukima's Dance           Hex            13%        N/A       13%         3
 Ensorcelled Hibernation  Hex/Ice        14%        N/A       14%         2
 Dazzling Flash           Conj/Hex       14%        N/A       28%         3


Dungeon Overview and Level Annotations

Branches:
Dungeon (3/15)

Altars:

Annotations:
D:2 Natasha, Robin


Innate Abilities, Weirdness & Mutations

You cannot be hasted, slowed, berserked, paralysed or teleported.
You can dig through walls and to a lower floor.
You have a pair of large antennae on your head. (SInv)
Your four strong arms can wield two-handed weapons with a shield.


Message History

The shadow imp hits you. Natasha claws you but does no damage.
You hit Natasha.
Natasha is moderately wounded.
The shadow imp barely misses you. Natasha barely misses you.
The ball python closely misses you. The ball python grabs you.
The ball python constricts you.
You hit Natasha but do no damage.
Natasha is moderately wounded.
The shadow imp hits you but does no damage.
The ball python closely misses you. The ball python constricts you.
Natasha claws you.
You hit Natasha.
Natasha is severely wounded.
The shadow imp closely misses you.
The ball python bites you but does no damage.
The ball python constricts you. Natasha claws you but does no damage.
You hit Natasha.
Natasha is severely wounded.
Natasha stops glowing.
The ball python bites you but does no damage.
The ball python constricts you. The shadow imp closely misses you.
Natasha wildly gestures.
Natasha shimmers violently.
Natasha stares at you and mumbles some strange words.
You resist with some effort.
You hit Natasha but do no damage.
Natasha is severely wounded.
The ball python barely misses you. The ball python constricts you.
The shadow imp hits you.
Natasha mumbles some strange words.
You completely miss Natasha.
Natasha is severely wounded.
The ball python bites you. The ball python constricts you.
The shadow imp barely misses you. Natasha claws you.
* * * LOW HITPOINT WARNING * * *
You hit Natasha.
Natasha is almost dead.
The ball python bites you.
You die...

......
....###
. .....
.#####
...#..
.....
.....##
#.#.#
......
....#
#.5.#
#h5.##
#@...#
#S..##
....#
.##..#
#. ..#
. ..#
## ..#
..#


You could see Natasha, a crimson imp (summoned), a shadow imp (summoned) and a
ball python.

Vanquished Creatures
  5 bats (D:1)
  A giant cockroach (D:2)
  3 goblins
  3 hobgoblins (D:1)
  2 kobolds (D:1)
  A quokka (D:2)
  A ball python (D:1)
  A frilled lizard (D:1)
  3 rats
  A toadstool (D:1)
21 creatures vanquished.

Vanquished Creatures (others)
  A fungus (D:3)
  3 toadstools (D:1)
4 creatures vanquished.

Grand Total: 25 creatures vanquished

Notes
Turn   | Place    | Note
-------+----------+-------------------------------------------
     0 | D:1      | benadryl the Formicid Enchanter began the quest for the
                  | Orb.
     0 | D:1      | Reached XP level 1. HP: 13/13 MP: 3/3
   208 | D:1      | Reached skill level 4 in Stealth
   208 | D:1      | Reached XP level 2. HP: 16/20 MP: 5/5
  1400 | D:2      | Reached skill level 1 in Fighting
  1403 | D:2      | Reached XP level 3. HP: 13/26 MP: 6/6
  1628 | D:2      | Noticed Robin
  1682 | D:2      | Noticed Natasha
  1694 | D:2      | Slain by a ball python

Illustrated notes

Levels and vault maps discovered:
D:1:      ldierk_water_garden, layout_loops_corners,
          chequers_serial_rivers_micro_e
D:2:      minmay_skewed_foursquare, layout_basic, uniq_natasha, uniq_robin,
          uniq_crazy_yiuf_cottage
D:3:      minmay_octagon_keep, layout_basic,
          shapermc_ecumenical_altar_mp_ritualfount

Skill      XL: |  1  2 |
---------------+-------+-----
Stealth        | 4 |  4.4
Fighting       | 1 |  1.0
Short Blades   | |  1.0
Dodging        | |  1.7
Spellcasting   | |  2.1
Hexes          | |  3.9

Action                   || total
-------------------------++-------
Melee: Dagger            ||    89
 Cast: Corona            ||     2
 Stab: Sleeping          ||     4
Armor: Robe              ||    26
Dodge: Dodged            ||    77

Table legend: (Time is in decaauts)
 A = Elapsed time spent in this place.
 B = Non-inter-level travel time spent in this place.
 C = Inter-level travel time spent in this place.
 D = Time resting spent in this place.
 E = Time spent auto-exploring this place.
 F = Levels seen in this place.
 G = Mean time per level.
                   A        B        C        D        E       F      G
               +--------+--------+--------+--------+--------+-----+--------+
         Total |   1689 |   1666 |     23 |    535 |    913 |   3 |  563.0 |
       Dungeon |   1689 |   1666 |     23 |    535 |    913 |   3 |  563.0 |
               +--------+--------+--------+--------+--------+-----+--------+

Top non-repeatable levels by time:
     D:1: 1079 daAuts
     D:2: 570 daAuts
     D:3: 39 daAuts
